 Dungeon Crawl Stone Soup version 0.31-a0-620-gd1cbd99268 (webtiles) character file.

Game seed: 2278108971723368389

3277 LustLizard the Ruffian (level 10, -2/66 HPs)
             Began as an Octopode Shapeshifter on Aug 23, 2023.
             Was a Priest of Kikubaaqudgha.
             Slain by a wraith (13 damage)
             ... on level 9 of the Dungeon.
             The game lasted 00:20:26 (10145 turns).

LustLizard the Ruffian (Octopode Shapeshifter)     Turns: 10145, Time: 00:20:27

Health: -2/66      AC:  1    Str: 15    XL:     10   Next: 0%
Magic:  16/16      EV: 14    Int: 14    God:    Kikubaaqudgha [***...]
Gold:   517        SH:  0    Dex: 19    Spells: 5/17 levels left

rFire   . .          .
                       - Unarmed
rCold   + . .        (no shield)
rNeg    . . .        (helmet currently unavailable)
rPois   .            y - amulet of regeneration
rElec   .            m - ring of protection from cold
rCorr   .            B - +6 ring of dexterity
SInv    .            (no ring)
Will    .....        (no ring)
Stlth   ++++         (no ring)
HPRegen 1.11/turn    (no ring)
MPRegen 0.15/turn    (no ring)
                     (no ring)

%: no passive effects
@: beast-form, slowed, very slow
A: beast (slay +3), almost no armour, amphibious, 8 rings, camouflage 1,
gelatinous body 1, (nimble swimmer 1), tentacles
a: Begin Untransformation, Renounce Religion, Unearth Wretches


You were on level 9 of the Dungeon.
You worshipped Kikubaaqudgha.
Kikubaaqudgha was most pleased with you.
You were a hulking beast.
You visited 1 branch of the dungeon, and saw 9 of its levels.

You collected 517 gold pieces.

Inventory:

Jewellery
 m - a ring of protection from cold (left tentacle)
 v - a ring of fire
 y - an amulet of regeneration (around mantle)
 B - a +6 ring of dexterity (right tentacle)
Talismans
 b - a beast talisman (active)
 c - a flux talisman
Wands
 s - a wand of flame (40)
Scrolls
 d - a scroll of poison {unknown}
 e - 2 scrolls of teleportation {unknown}
 f - a scroll of amnesia {unknown}
 g - a scroll of brand weapon {unknown}
 i - a scroll of blinking
 j - 2 scrolls of torment {unknown}
 n - 2 scrolls of fear
 p - a scroll of noise {unknown}
 r - a scroll of fog {unknown}
 u - a scroll of enchant weapon {unknown}
 w - a scroll of vulnerability {unknown}
Potions
 a - 3 potions of lignification
 h - 3 potions of brilliance
 k - a potion of berserk rage
 l - a potion of haste
 o - a potion of curing
 q - a potion of enlightenment
 t - a potion of magic {unknown}
 x - a potion of ambrosia {unknown}
 z - a potion of mutation {unknown}
 A - 2 potions of attraction


   Skills:
 + Level 5.0 Fighting
 + Level 3.1 Dodging
 - Level 6.0 Stealth
 * Level 7.5 Unarmed Combat
 + Level 4.2 Spellcasting
 + Level 4.2 Necromancy
 * Level 2.1 Earth Magic
 - Level 4.8 Poison Magic
 + Level 5.2 Shapeshifting


You had 5 spell levels left.
You knew the following spells:

 Your Spells              Type           Power      Damage    Failure   Level
a - Sting                 Tmut/Pois      36%        1d4       7%          1
b - Poisonous Vapours     Pois/Air       18%        N/A       11%         2
c - Borgnjor's Vile Clut  Necr/Erth      5%         N/A       80%         5
d - Dispel Undead         Necr           14%        3d10      32%         4

Your spell library contained the following spells:

 Spells                   Type           Power      Damage    Failure   Level
 Necrotise                Necr           56%        1d6       3%          1
 Sublimation of Blood     Necr           14%        N/A       4%          2
 Kiss of Death            Conj/Necr      32%        2d7       8%          1
 Cigotuvi's Dreadful Rot  Necr/Pois/Air  22%        N/A       9%          2
 Apportation              Tloc           4%         N/A       19%         1
 Olgreb's Toxic Radiance  Pois           16%        N/A       26%         4
 Manifold Assault         Tloc           2%         N/A       88%         4
 Alistair's Intoxication  Tmut/Pois      6%         N/A       89%         5
 Summon Forest            Summ/Tloc      1%         N/A       99%         5
 Summon Mana Viper        Hex/Summ       2%         N/A       99%         5
 Death Channel            Necr           7%         N/A       99%         6
 Dispersal                Tloc           1%         N/A       100%        6
 Simulacrum               Ice/Necr       4%         N/A       100%        6
 Summon Cactus Giant      Summ           1%         N/A       100%        6
 Disjunction              Tloc           1%         N/A       100%        8


Dungeon Overview and Level Annotations

Branches:
Dungeon (9/15)             Temple (0/1) D:5
   Lair: D:8-11         Orc: D:9-12

Altars:
Kikubaaqudgha
Okawaru
Qazlal
The Shining One

Shops:
D:1 (


Innate Abilities, Weirdness & Mutations

You are a hulking beast.
Your limbs bulge with bestial killing power. (Slay +3)
You cannot wear most types of armour.
You are amphibious.
You can wear up to eight rings at the same time.
Your skin changes colour to match your surroundings (Stealth+).
Your rubbery body absorbs attacks. (AC +1, EV +1)
((You are camouflaged when in or above water. (Stealth+)))
You have tentacles for arms and can constrict up to eight enemies at once.


Message History

The teleport trap disappears.
The orc disappears!
There is an open door here.
You open the door.
There is an open door here.
You open the door.
There is an open door here.
You open the door.
A wraith comes into view.
You tentacle-slap the wraith but do no damage.
You squeeze the wraith, but do no damage.
The wraith hits you! The wraith drains your vigour!
You feel yourself slow down.
You closely miss the wraith. The wraith hits you!
The wraith drains your vigour!
You feel as though you will be slow longer.
You closely miss the wraith. The wraith hits you.
You are too injured to fight recklessly!
You barely miss the wraith. Your squeeze misses the wraith.
The wraith hits you! The wraith hits you.
You tentacle-slap the wraith but do no damage.
You squeeze the wraith.
The wraith is lightly damaged.
The wraith hits you! The wraith drains your vigour!
You feel as though you will be slow longer.
You bludgeon the wraith!
The wraith is moderately damaged.
The wraith hits you!
* * * LOW HITPOINT WARNING * * *
The wraith drains your vigour!
You feel as though you will be slow longer.
You tentacle-slap the wraith but do no damage.
You squeeze the wraith, but do no damage.
The wraith is moderately damaged.
The wraith barely misses you. The wraith hits you.
* * * LOW HITPOINT WARNING * * *
You bludgeon the wraith!
The wraith is heavily damaged.
The wraith hits you!
You die...
Kikubaaqudgha rasps: "You have failed me!
Welcome... death!"

#.............#....#..
#.............#....#.. .
..............#....'..
................#....#..
................######..
......###'#.............
..... #...#.............
......#...#.............
......Wh..+.............
###...#...#.............
#.. #...#.............
#. #...#............. #
#...#............. #...#
#.... #.....


You could see a wraith.

Vanquished Creatures
  3 steam dragons
  Edmund (D:6)
  Menkaure (D:4)
  Duvessa (D:4)
  An ice beast (D:7)
  A black bear (D:8)
  2 orc warriors
  4 ogres
  A centaur (D:8)
  2 phantoms
  Blork the orc (D:6)
  A scorpion (D:6)
  8 wights
  2 killer bees (D:8)
  Dowan (D:4)
  3 howler monkeys (D:9)
  5 hounds
  A gnoll bouda (D:8)
  An orc priest (D:7)
  Crazy Yiuf (D:3)
  A sleepcap (D:4)
  3 iguanas
  Terence (D:2)
  Natasha (thrice) (D:3)
  5 orc wizards
  10 gnolls
  4 adders
  A shadow imp (D:7)
  2 white imps (D:7)
  A worm (D:4)
  3 dart slugs (D:4)
  19 orcs
  8 ball pythons
  6 endoplasms
  6 giant cockroaches
  5 goblins
  9 hobgoblins
  8 kobolds
  A quokka (D:3)
  5 bats
  2 frilled lizards (D:1)
  3 rats
147 creatures vanquished.

Notes
Turn   | Place    | Note
-------+----------+-------------------------------------------
     0 | D:1      | LustLizard the Octopode Shapeshifter began the quest for
                  | the Orb.
     0 | D:1      | Reached XP level 1. HP: 13/13 MP: 1/1
   170 | D:1      | Found Ufoiniem's Antique Weapon Shop.
   189 | D:1      | Reached XP level 2. HP: 17/18 MP: 2/2
   403 | D:1      | Reached skill level 1 in Stealth
   528 | D:1      | Reached XP level 3. HP: 21/23 MP: 3/3
   547 | D:1      | Learned a level 1 spell: Sting
  1138 | D:2      | Noticed Terence
  1334 | D:2      | Killed Terence
  1335 | D:2      | Reached skill level 1 in Poison Magic
  1335 | D:2      | Reached XP level 4. HP: 18/29 MP: 1/5
  1570 | D:2      | Reached skill level 1 in Spellcasting
  1712 | D:3      | Found a faded altar of an unknown god.
  1720 | D:3      | Prayed at the altar of an unknown god.
  1720 | D:3      | Became a worshipper of Kikubaaqudgha
  1720 | D:3      | Reached * piety under Kikubaaqudgha
  1720 | D:3      | Received a gift from Kikubaaqudgha
  1909 | D:3      | Noticed Natasha
  1917 | D:3      | Killed Natasha
  1918 | D:3      | Reached skill level 4 in Unarmed Combat
  1918 | D:3      | Reached XP level 5. HP: 24/34 MP: 6/6
  2047 | D:3      | Noticed Natasha
  2051 | D:3      | Killed Natasha
  2137 | D:3      | Found a runed translucent door.
  2142 | D:3      | Noticed Crazy Yiuf
  2149 | D:3      | Identified the +2 hammer of the Warrior-Mage {flame, rPois
                  | rF++}
  2446 | D:3      | Identified the +3 quarterstaff "Osodd" {heavy, rC++}
  2539 | D:3      | Noticed Natasha
  2565 | D:3      | Killed Natasha
  2566 | D:3      | Reached skill level 1 in Necromancy
  2858 | D:3      | Killed Crazy Yiuf
  3091 | D:4      | Noticed an ogre
  3166 | D:4      | Reached XP level 6. HP: 35/39 MP: 5/8
  3564 | D:4      | Noticed Menkaure
  3611 | D:4      | Noticed Dowan
  4011 | D:4      | Noticed Duvessa
  4071 | D:4      | Killed Duvessa
  4072 | D:4      | Reached XP level 7. HP: 15/45 MP: 8/10
  4871 | D:4      | Killed Menkaure
  4872 | D:4      | Reached skill level 5 in Unarmed Combat
  5261 | D:4      | Killed Dowan
  5302 | D:5      | Entered Level 5 of the Dungeon
  5397 | D:5      | Identified the staff "Nishroz" {Dex+3 Stlth+ Conj}
  5446 | D:5      | Found a stormy altar of Qazlal.
  5666 | D:5      | Learned a level 2 spell: Poisonous Vapours
  5732 | D:5      | Reached XP level 8. HP: 49/52 MP: 9/11
  5869 | D:5      | Reached ** piety under Kikubaaqudgha
  6251 | D:5      | Found a staircase to the Ecumenical Temple.
  6471 | D:6      | Noticed Edmund
  6506 | D:6      | Killed Edmund
  6710 | D:6      | Reached skill level 6 in Unarmed Combat
  6808 | D:6      | Reached skill level 5 in Stealth
  7171 | D:6      | Found an iron altar of Okawaru.
  7309 | D:6      | Noticed Blork the orc
  7316 | D:6      | Killed Blork the orc
  7638 | D:7      | Reached XP level 9. HP: 53/58 MP: 9/14
  7844 | D:7      | Noticed a troll
  7845 | D:7      | Noticed a boulder beetle
  8769 | D:8      | Reached skill level 7 in Unarmed Combat
  8803 | D:8      | Found a glowing golden altar of the Shining One.
  8858 | D:8      | Reached skill level 5 in Shapeshifting
  8861 | D:8      | Reached *** piety under Kikubaaqudgha
  8861 | D:8      | Received a gift from Kikubaaqudgha
  8868 | D:8      | Learned a level 5 spell: Borgnjor's Vile Clutch
  8873 | D:8      | Learned a level 4 spell: Dispel Undead
  9306 | D:8      | Reached skill level 1 in Earth Magic
 10063 | D:9      | Reached skill level 5 in Fighting
 10066 | D:9      | Reached XP level 10. HP: 66/66 MP: 11/16
 10145 | D:9      | Slain by a wraith

Illustrated notes

Levels and vault maps discovered:
D:1:      eino_arrival_cavern_a, layout_rooms, serial_shops,
          nicolae_shop_temple_entry_statues_fountains, nrook_mini_backslash,
          corexii_corridor_pit
D:2:      layout_rooms, serial_rivers, chequers_serial_rivers_micro_c,
          chequers_serial_rivers_room_b, chequers_serial_rivers_micro_c,
          chequers_serial_rivers_micro_d, minmay_misc_feat_hallway, uniq_terence
D:3:      layout_basic, basic_ecumenical_altar, uniq_natasha,
          uniq_crazy_yiuf_cottage
D:4:      minmay_recursive_quarters, layout_basic, uniq_menkaure, uniq_duvessa
D:5:      layout_layer_cave, nicolae_qazlal_general_emergency,
          minmay_temple_entry_enclosed_plants
D:6:      layout_loops_cross, mainiacjoe_overflow_concentric_impassable,
          hangedman_decor_clover_reticule, kennysheep_generic_room_4,
          uniq_blork_the_orc, uniq_edmund
D:7:      layout_loops_ring, dreamdust_princess_corridor, grunt_ministairs_2,
          lightli_corner_chamber
D:8:      layout_basic, tso_metal_star
D:9:      erik_cavepeople, layout_gridville, mainiacjoe_overflow_chevrons,
          lemuel_tele_altar, gammafunk_temple_overflow_elements,
          lair_entry_dummy, library_closet, uniq_pikel

Skill      XL: |  1  2  3  4  5  6  7  8  9 |
---------------+----------------------------+-----
Stealth        | 1 2 3 4 5 6 |  6.0
Poison Magic   | 1 2 3 4 |  4.8
Spellcasting   | 1 2 3 4 |  4.2
Unarmed Combat | 4 5 6 7 |  7.5
Fighting       | 2 3 4 5 |  5.0
Necromancy     | 1 2 3 4 |  4.2
Shapeshifting  | 4 5 |  5.2
Earth Magic    | 2 |  2.1
Dodging        | 3 |  3.1

Action                     |  1- 3 |  4- 6 |  7- 9 | 10-12 || total
---------------------------+-------+-------+-------+-------++-------
  Melee: Unarmed           |    48 |    77 |   191 |     8 ||   324
         Constrict         |    13 |    17 |    43 |       ||    73
         Punch             |     3 |     1 |    12 |       ||    16
         Tentacles         |     9 |    17 |    52 |     3 ||    81
   Cast: Sting             |    13 |    31 |    82 |       ||   126
         Poisonous Vapours |       |       |    24 |       ||    24
  Evoke: Wand              |       |     3 |       |       ||     3
    Use: Scroll            |     2 |     1 |     6 |       ||     9
   Stab: Sleeping          |       |     5 |     5 |       ||    10
 Armour: Skin              |     2 |     3 |     5 |       ||    10
  Dodge: Dodged            |    20 |    32 |    84 |     1 ||   137

Table legend: (Time is in decaauts)
 A = Elapsed time spent in this place.
 B = Non-inter-level travel time spent in this place.
 C = Inter-level travel time spent in this place.
 D = Time resting spent in this place.
 E = Time spent auto-exploring this place.
 F = Levels seen in this place.
 G = Mean time per level.
                   A        B        C        D        E       F      G
               +--------+--------+--------+--------+--------+-----+--------+
         Total |  10113 |   9187 |    926 |    964 |   6242 |   9 | 1123.7 |
       Dungeon |  10113 |   9187 |    926 |    964 |   6242 |   9 | 1123.7 |
               +--------+--------+--------+--------+--------+-----+--------+

Top non-repeatable levels by time:
     D:4: 2293 daAuts
     D:3: 1349 daAuts
     D:8: 1271 daAuts
     D:7: 1182 daAuts
     D:5: 1158 daAuts
     D:6: 1111 daAuts
     D:2: 825 daAuts
     D:1: 821 daAuts
     D:9: 99 daAuts
